 Dungeon Crawl Stone Soup version 0.30-a0-451-ge042605de7 (webtiles) character file.

Game seed: 5280763681499932802

3892 p00ps00p the Cleaver (level 10, -2/91 HPs)
             Began as a Hill Orc Fighter on Dec 12, 2022.
             Was an Initiate of Gozag.
             Killed by vampiric draining
             ... invoked by a vampire
              (5 damage)
             ... on level 9 of the Dungeon.
             The game lasted 00:14:39 (9130 turns).

p00ps00p the Cleaver (Hill Orc Fighter)             Turns: 9130, Time: 00:14:40

Health: -2/91      AC: 14    Str: 24    XL:     10   Next: 19%
Magic:  10/10      EV:  7    Int: 14    God:    Gozag
Gold:   82         SH:  0    Dex: 10    Spells: 9/9 levels left

rFire   + . .      SeeInvis .    a - +1 war axe (elec)
rCold   . . .      Faith    .    j - +1 tower shield
rNeg    . . .      Spirit   .    n - +5 ring mail of Vehumet's Reproof {+Inv rF+}
rPois   .          Reflect  +    (no helmet)
rElec   .          Harm     .    z - +0 cloak
rCorr   .          Rampage  .    (no gloves)
Will    .....                    p - +0 pair of boots
Stlth   ..........               f - amulet of reflection
HPRegen 0.35/turn                c - +6 ring of intelligence
MPRegen 0.12/turn                (no ring)

@: confused
A: no striking features
a: Renounce Religion, Evoke Invisibility, Potion Petition, Call Merchant, Bribe
Branch


You were on level 9 of the Dungeon.
You worshipped Gozag.
Gozag was noncommittal.
You visited 1 branch of the dungeon, and saw 9 of its levels.

You collected 1063 gold pieces.
You spent 333 gold pieces at shops.
You paid 648 gold pieces to Gozag.

Inventory:

Hand Weapons
 a - a +1 war axe of electrocution (weapon)
 H - a +1 broad axe
Missiles
 u - 9 boomerangs of dispersal (quivered)
Armour
 j - a +1 tower shield (worn)
 n - the +5 ring mail of Vehumet's Reproof (worn) {+Inv rF+}
   (You found it on level 5 of the Dungeon)

   rF:        It protects you from fire.
   +Inv:      It lets you turn invisible.
 p - a +0 pair of boots (worn)
 z - a +0 cloak (worn)
Jewellery
 c - a +6 ring of intelligence (left hand)
 f - an amulet of reflection (around neck)
 i - an amulet of regeneration
 x - an amulet of magic regeneration
Wands
 y - a wand of charming (12)
 E - a wand of flame (23)
 F - a wand of quicksilver (5)
Scrolls
 e - a scroll of fog
 g - 2 scrolls of teleportation
 s - 3 scrolls of poison
 w - a scroll of fear
 A - a scroll of magic mapping
Potions
 b - 3 potions of ambrosia
 d - a potion of cancellation {unknown}
 h - 2 potions of mutation
 k - a potion of degeneration
 l - a potion of berserk rage
 m - a potion of brilliance {unknown}
 o - 2 potions of flight
 q - a potion of attraction {unknown}
 r - 2 potions of curing
 t - a potion of magic {unknown}
 v - a potion of haste {unknown}
 B - a potion of might
 D - a potion of invisibility {unknown}


   Skills:
 + Level 9.4 Fighting
 + Level 9.8 Axes
 + Level 8.6 Armour
 + Level 8.6 Shields


You had 9 spell levels left.
You didn't know any spells.
Your spell library contained the following spells:

 Spells                   Type           Power      Damage    Failure   Level
 Apportation              Tloc           0%         N/A       97%         1
 Foxfire                  Conj/Fire      0%         2x1d4     97%         1
 Necrotise                Necr           0%         1d4       97%         1
 Summon Small Mammal      Summ           0%         N/A       97%         1
 Gell's Gravitas          Tloc           0%         N/A       100%        3
 Teleport Other           Tloc           0%         N/A       100%        3
 Airstrike                Air            0%         2d(0-16)  100%        4
 Summon Lightning Spire   Summ/Air       0%         N/A       100%        4
 Fireball                 Conj/Fire      0%         3d3       100%        5
 Lightning Bolt           Conj/Air       0%         1d11      100%        5
 Summon Forest            Summ/Tloc      0%         N/A       100%        5
 Dispersal                Tloc           0%         N/A       100%        6
 Eringya's Noxious Bog    Tmut/Pois      0%         N/A       100%        6
 Starburst                Conj/Fire      0%         6d3       100%        6
 Summon Hydra             Summ           0%         N/A       100%        7


Dungeon Overview and Level Annotations

Branches:
Dungeon (9/15)             Temple (0/1) D:7
   Lair: D:8-11         Orc: D:9-12

Altars:
Ashenzari
Dithmenos
Elyvilon
Gozag
Hepliaklqana
Nemelex Xobeh
Okawaru
Qazlal
Sif Muna
Vehumet
Xom
Zin
Jiyva

Shops:
D:6 =   D:8 *[

Annotations:
D:8 1 transporter


Message History

You slash the vampire!
The vampire is heavily damaged.
You block the vampire's attack. x2
You closely miss the vampire.
The vampire is heavily damaged.
The vampire draws life force from you!
* * * LOW HITPOINT WARNING * * *
The vampire is healed by the life force!
You block the vampire's attack. The vampire bites you.
* * * LOW HITPOINT WARNING * * *
The vampire draws strength from your injuries!
You barely miss the vampire.
The vampire is moderately damaged.
The vampire casts a spell at you. You resist with some effort.
You hit the vampire.
The vampire is heavily damaged.
The vampire gestures wildly while chanting.
The vampire flickers and vanishes!
Deactivating autopickup; reactivate with Ctrl-A.
You miss something. Something completely misses you.
Something bites you but does no damage. Something draws life force from you!
* * * LOW HITPOINT WARNING * * *
You slash something! Lightning courses through something!
You hear some strange, mumbled words.
You are confused.
You closely miss something. Something hits you!
* * * LOW HITPOINT WARNING * * *
Something bites you.
* * * LOW HITPOINT WARNING * * *
Something draws strength from your injuries!
You completely miss something.
You hear some strange, mumbled words.
Something tries to affect you, but you resist.
You're too confused to move!
Something hits you but does no damage. Something bites you but does no damage.
You closely miss something. Something hits you but does no damage.
Something completely misses you. Something draws life force from you.
You die...
Your body crumbles into a pile of gold.

...#................
...#..........). ...
~........[...... ..# ##.
~..............##..##...
~...............#."#..P.
#...............#....P..
)#............$.#.......
.####........$$$$.....P.
..#.>......###).@{.#..P.
...........##....<.# .
...................#
.........#.###....##
#..(......###....##
......#.....##.........
#....###...#...........
###... ####............
>..... #.......#.....


There were no monsters in sight!

Vanquished Creatures
  A wyvern (D:9)
  A yak (D:9)
  A steam dragon (D:5)
  A basilisk (D:9)
  Menkaure (D:4)
  Edmund (D:6)
  A water moccasin (D:7)
  3 orc warriors
  An ice beast (D:8)
  A black bear (D:9)
  5 ogres
  2 sky beasts
  4 centaurs (D:8)
  A kobold brigand (D:7)
  2 bullfrogs
  A necrophage (D:7)
  5 scorpions
  A vampire bat (D:6)
  4 hounds
  5 orc priests
  Crazy Yiuf (D:6)
  2 jellies
  2 gnoll boudas
  An iguana (D:7)
  Terence (D:2)
  6 orc wizards
  19 gnolls
  7 adders
  A white imp (D:7)
  An ufetubus (D:6)
  3 worms
  2 dart slugs
  29 orcs
  11 bats
  8 endoplasms
  6 giant cockroaches
  4 goblins
  8 hobgoblins
  4 quokkas
  12 ball pythons
  3 frilled lizards
  12 kobolds
  9 rats
194 creatures vanquished.

Vanquished Creatures (others)
  A kobold (D:7)
1 creature vanquished.

Grand Total: 195 creatures vanquished

Notes
Turn   | Place    | Note
-------+----------+-------------------------------------------
     0 | D:1      | p00ps00p the Hill Orc Fighter began the quest for the Orb.
     0 | D:1      | Reached XP level 1. HP: 19/19 MP: 1/1
   160 | D:1      | Reached XP level 2. HP: 20/27 MP: 2/2
   470 | D:1      | Reached XP level 3. HP: 31/33 MP: 3/3
   746 | D:1      | Found a faded altar of an unknown god.
  1200 | D:2      | Noticed Terence
  1203 | D:2      | Killed Terence
  1204 | D:2      | Reached XP level 4. HP: 41/41 MP: 4/4
  1437 | D:2      | Found a shimmering altar of Xom.
  2654 | D:3      | Reached XP level 5. HP: 47/47 MP: 5/5
  2855 | D:3      | Found a shimmering blue altar of Sif Muna.
  3600 | D:4      | Noticed an ogre
  3606 | D:4      | Killed an ogre
  3607 | D:4      | Reached skill level 5 in Fighting
  3607 | D:4      | Reached XP level 6. HP: 50/56 MP: 6/6
  3695 | D:4      | Found a broken altar of Ashenzari.
  3725 | D:4      | You fall into a shaft and drop 1 floor!
  3725 | D:5      | Entered Level 5 of the Dungeon
  3915 | D:5      | Identified the +5 ring mail of Vehumet's Reproof {+Inv rF+}
  3959 | D:5      | Reached skill level 5 in Axes
  4027 | D:5      | Reached skill level 5 in Shields
  4084 | D:5      | Reached skill level 5 in Armour
  4089 | D:5      | Reached XP level 7. HP: 58/61 MP: 7/7
  4342 | D:5      | Noticed a steam dragon
  4348 | D:5      | Killed a steam dragon
  4559 | D:4      | Noticed Menkaure
  4564 | D:4      | Killed Menkaure
  4565 | D:4      | Reached XP level 8. HP: 71/71 MP: 8/8
  4594 | D:4      | Found an iron altar of Okawaru.
  4609 | D:4      | Found a stormy altar of Qazlal.
  4884 | D:4      | Found a shadowy altar of Dithmenos.
  5065 | D:4      | Found an opulent altar of Gozag.
  5197 | D:4      | Became a worshipper of Gozag Ym Sagoz the Greedy
  5926 | D:6      | Noticed Edmund
  5939 | D:6      | Killed Edmund
  6169 | D:6      | Found Lasub's Jewellery Shoppe.
  6477 | D:6      | Reached XP level 9. HP: 79/79 MP: 9/9
  6593 | D:6      | Found a hazy altar of Hepliaklqana.
  6593 | D:6      | Found a sparkling altar of Nemelex Xobeh.
  6753 | D:6      | Found a runed translucent door.
  6754 | D:6      | Noticed Crazy Yiuf
  6761 | D:6      | Killed Crazy Yiuf
  6828 | D:7      | Found a radiant altar of Vehumet.
  7018 | D:7      | Found a staircase to the Ecumenical Temple.
  7792 | D:8      | Found a glowing silver altar of Zin.
  7961 | D:8      | Found a viscous altar of Jiyva.
  8463 | D:8      | Found Teyr's Assorted Antiques.
  8536 | D:8      | Found a shimmering altar of Xom.
  8537 | D:8      | Found a white marble altar of Elyvilon.
  8564 | D:8      | Found a transporter.
  8564 | D:8      | Noticed a glowing orange brain
  8723 | D:8      | Bought a scroll of enchant weapon for 217 gold pieces
  8723 | D:8      | Bought a broad axe for 116 gold pieces
  9064 | D:9      | Reached XP level 10. HP: 57/91 MP: 10/10
  9127 | D:9      | HP: 3/91 [something (7)]
  9130 | D:9      | Killed from afar by a vampire

Illustrated notes

Levels and vault maps discovered:
D:1:      lightli_arrival_flooded_house, layout_basic, basic_ecumenical_altar,
          minmay_split_cup_large
D:2:      layout_basic, basic_altar, uniq_terence
D:3:      layout_loops_corners, led_sif_book
D:4:      cheibrodos_helix_gallery, layout_basic, general_overflow_altar,
          kennysheep_mini_moat, grunt_qazlal_sundering, lemuel_round_altar,
          nicolae_ashenzari_panopticon, uniq_menkaure
D:5:      layout_rooms, minmay_splitting_lines
D:6:      layout_cave_pools, gammafunk_temple_overflow_statue,
          hangedman_decor_clover_reticule, roderic_batcave,
          nicolae_take_the_stairs, uniq_edmund, uniq_crazy_yiuf_cottage
D:7:      layout_cave_pods, amcnicky_altar_gilded, minmay_temple_entry_overgrown
D:8:      gammafunk_jiyva_shrine, layout_loops_corners,
          mainiacjoe_overflow_paths, minitemple, nicolae_inconvenience_store
D:9:      layout_cave_pools, nicolae_wu_jian_immortal_techniques,
          nicolae_ru_path_of_blood, david_lair_generic, serial_rivers,
          chequers_serial_rivers_large_b, chequers_serial_rivers_small_a,
          chequers_serial_rivers_large_a, chequers_serial_rivers_marsh,
          kennysheep_diamond

Skill      XL: |  1  2  3  4  5  6  7  8  9 |
---------------+----------------------------+-----
Axes           | 3 4 5 6 7 9 |  9.8
Fighting       | 4 5 6 7 9 |  9.4
Shields        | 4 5 6 8 |  8.6
Armour         | 4 5 6 8 |  8.6

Action                   |  1- 3 |  4- 6 |  7- 9 | 10-12 || total
-------------------------+-------+-------+-------+-------++-------
Melee: War axe           |    85 |   154 |   283 |    29 ||   551
Invok: Call Merchant     |       |       |     1 |       ||     1
Evoke: Wand              |       |       |       |     2 ||     2
  Use: Scroll            |     3 |    10 |     8 |       ||    21
       Potion            |     1 |     2 |     2 |       ||     5
Armor: Scale mail        |    27 |    47 |       |       ||    74
       Ring mail         |       |    24 |   166 |    27 ||   217
Dodge: Dodged            |    35 |    48 |    97 |    14 ||   194
Block: Buckler           |    33 |    54 |       |       ||    87
       Tower shield      |       |    65 |   344 |    42 ||   451
       Reflection        |       |       |    15 |       ||    15

Table legend: (Time is in decaauts)
 A = Elapsed time spent in this place.
 B = Non-inter-level travel time spent in this place.
 C = Inter-level travel time spent in this place.
 D = Time resting spent in this place.
 E = Time spent auto-exploring this place.
 F = Levels seen in this place.
 G = Mean time per level.
                   A        B        C        D        E       F      G
               +--------+--------+--------+--------+--------+-----+--------+
         Total |   9385 |   9013 |    372 |    611 |   6711 |   9 | 1042.8 |
       Dungeon |   9385 |   9013 |    372 |    611 |   6711 |   9 | 1042.8 |
               +--------+--------+--------+--------+--------+-----+--------+

Top non-repeatable levels by time:
     D:4: 1480 daAuts
     D:2: 1240 daAuts
     D:1: 1232 daAuts
     D:8: 1185 daAuts
     D:3: 1126 daAuts
     D:5: 994 daAuts
     D:6: 952 daAuts
     D:7: 935 daAuts
     D:9: 238 daAuts
